 Dungeon Crawl Stone Soup version 0.21-a0-64-g1c0f2e3 (webtiles) character file.

142 Manul the Skirmisher (level 5, -11/29 HPs)
             Began as a Vine Stalker Wanderer on June 17, 2017.
             Killed from afar by Ijyb (18 damage)
             ... with a wand of lightning (?/15)
             ... on level 3 of the Dungeon.
             The game lasted 00:02:47 (2343 turns).

Manul the Skirmisher (Vine Stalker Wanderer)        Turns: 2343, Time: 00:02:47

Health: -11/29     AC:  6    Str: 17    XL:     5   Next: 24%
Magic:  0/6        EV: 12    Int:  9    God:
Gold:   79         SH:  0    Dex: 15    Spells: 4/4 levels left

rFire    . . .     SeeInvis .   i - +0 dagger (venom)
rCold    . . .     Gourm    .   (no shield)
rNeg     . . .     Faith    .   e - +0 robe
rPois    .         Spirit   +   (no helmet)
rElec    .         Reflect  .   (no cloak)
rCorr    .         Harm     .   u - +2 pair of gloves
MR       .....                  n - +0 pair of boots
Stlth    ++........             (no amulet)
HPRegen  0.49/turn              (no ring)
MPRegen  0.10/turn              (no ring)

@: no status effects
A: fangs 2, regeneration 1, magic shield, antimagic bite, no potion heal 3, rot
immunity
a: no special abilities


You were on level 3 of the Dungeon.
You were hungry.

You visited 1 branch of the dungeon, and saw 3 of its levels.

You collected 79 gold pieces.

Inventory:

Hand Weapons
 a - a +2 hand crossbow
 i - a +0 dagger of venom (weapon)
 q - a +0 dagger of speed
Missiles
 b - 19 bolts
Armour
 e - a +0 robe (worn)
 n - a +0 pair of boots (worn)
 u - a +2 pair of gloves (worn)
Wands
 d - a wand of random effects (10/48)
Scrolls
 c - a scroll of fear {unknown}
 g - a scroll of noise {unknown}
 h - a scroll of teleportation
 l - a scroll of enchant armour {unknown}
 m - 3 scrolls of remove curse
Potions
 p - 3 potions of agility {unknown}
 r - a potion of heal wounds {unknown}
 s - a potion of invisibility {unknown}
 t - a potion of lignification {unknown}
Comestibles
 f - a bread ration
 j - 6 chunks of flesh
 k - a royal jelly
 o - 2 meat rations


   Skills:
 + Level 4.0 Fighting
 + Level 1.0(1.2) Short Blades
   Level 1.0(1.2) Long Blades
 + Level 2.1 Crossbows
 + Level 2.0 Dodging
 * Level 2.7 Stealth
   Level 1.0 Shields
 + Level 1.0 Evocations


You had 4 spell levels left.
You didn't know any spells.

Dungeon Overview and Level Annotations

Branches:
Dungeon (3/15)

Altars:
Ashenzari
Okawaru
The Shining One

Annotations:
D:3 Ijyb


Innate Abilities, Weirdness & Mutations

You have extremely sharp teeth.
Your natural rate of healing is unusually fast.
When hurt, damage is shared between your health and your magic reserves.
Your bite disrupts and absorbs the magic of your enemies.
Potions cannot restore your health.
You are immune to rotting.


Message History

Okay, then.
Wield which item (- for none, * to show all)? (? for menu, Esc to quit)
Your +0 dagger of venom begins to drip with poison!
i - a +0 dagger of venom (weapon)
You hit Ijyb but do no damage.
Ijyb is poisoned.
Your bite misses Ijyb.
Ijyb is severely wounded.
Ijyb hits you but does no damage.
You hit Ijyb but do no damage. You bite Ijyb. You drain her power.
You feel invigorated.
Ijyb is almost dead.
Ijyb closely misses you.
You hit Ijyb but do no damage.
Ijyb looks even sicker.
You bite Ijyb, but do no damage.
Ijyb is almost dead.
Ijyb barely misses you.
You hit Ijyb but do no damage. Your bite misses Ijyb.
Ijyb is almost dead.
Ijyb zaps a wand.
The bolt of lightning hits you!
Ouch! That really hurt!
You die...

#<.# #.# #.###..###.#
# #..#### #.#
#..........# # #.....#
#.# #####..##### #
##.##.# #.# #..#
#.##.####.# #..#
#.......#.#########(.#
#.#####..............#
#.# #...##.#########
#.# #.####@######## #.
#.# #.g...)..# #.#
########.# ..# #.# #
.## #.# .# #. #g# g(#
#g###...###
#).........
#..........


You could see Ijyb.

Vanquished Creatures
  4 gnolls (D:3)
  2 adders (D:2)
  An ooze (D:1)
  A worm (D:2)
  2 dart slugs (D:2)
  A leopard gecko (D:2)
  2 orcs (D:3)
  8 bats
  4 giant cockroaches
  9 goblins
  4 hobgoblins
  6 jackals
  2 quokkas (D:2)
  8 frilled lizards
  10 kobolds
  7 rats
71 creatures vanquished.

Notes
Turn   | Place    | Note
-------+----------+-------------------------------------------
     0 | D:1      | Manul the Vine Stalker Wanderer began the quest for the Orb.
     0 | D:1      | Manul set off with: a +2 hand crossbow, 21 bolts, a potion of curing, a wand of random effects (15/48), a +0 robe, a bread ration
     0 | D:1      | Reached XP level 1. HP: 11/11 MP: 2/2
    94 | D:1      | Reached skill level 3 in Fighting
    95 | D:1      | Reached XP level 2. HP: 16/16 MP: 3/3
   456 | D:1      | Reached XP level 3. HP: 19/20 MP: 4/4
  1016 | D:2      | Found an iron altar of Okawaru.
  1091 | D:2      | Gained mutation: Your natural rate of healing is unusually fast. [Vine Stalker growth]
  1091 | D:2      | Reached XP level 4. HP: 4/25 MP: 5/5
  1811 | D:2      | Found a shattered altar of Ashenzari.
  2227 | D:3      | Found a glowing golden altar of the Shining One.
  2318 | D:3      | Noticed Ijyb
  2329 | D:3      | Reached XP level 5. HP: 23/29 MP: 4/6
  2332 | D:3      | Reached skill level 4 in Fighting
  2333 | D:3      | Reached skill level 1 in Short Blades
  2343 | D:3      | Killed from afar by Ijyb

Vault maps used:
D:1:      shiori_arrival_maze, serial_forest, infiniplex_forest_lined_room_2,
          infiniplex_forest_split, infiniplex_forest_end_double,
          infiniplex_forest_lined_3, infiniplex_forest_zigzag_1,
          infiniplex_forest_clump_medium, infiniplex_forest_straight_5,
          infiniplex_forest_clump_diagonal, infiniplex_forest_lined_4_way
D:2:      okawaru_gym_becter, lemuel_round_altar
D:3:      lemuel_coloured_pillars_altar, tso_altar, first_bread, uniq_ijyb,
          uniq_natasha

Skill      XL: |  1  2  3  4  5 |
---------------+----------------+-----
Fighting       | 3 4 |  4.0
Crossbows      | 2 |  2.1
Stealth        | 2 |  2.7
Dodging        | 2 |  2.0
Short Blades   | 1 |  1.0
Long Blades    | |  1.0
Shields        | |  1.0
Evocations     | |  1.0

Action                   |  1- 3 |  4- 6 || total
-------------------------+-------+-------++-------
Melee: Dagger            |    80 |    70 ||   150
       Bite              |    18 |    22 ||    40
 Fire: Hand crossbow     |     5 |     1 ||     6
Evoke: Wand              |       |     5 ||     5
  Use: Potion            |     1 |       ||     1
       Scroll            |       |     2 ||     2
 Stab: Sleeping          |       |     4 ||     4
  Eat: Chunk             |     1 |     3 ||     4
Armor: Robe              |    29 |    13 ||    42
Dodge: Dodged            |    76 |    39 ||   115
